AoeStats
← rolca

MegaRandom

507164597Analyzed
2v2 RM · 16d ago on Sep 16, 2026· 28m 24s· 4 players
Game mode
Random Map
Map size
Medium (4 player)
Population
200
Speed
Normal
Resources
Standard
Victory
Conquest
Starting age
Dark Age
Ending age
Imperial Age
RankedLock teamsTeams togetherTeam positionsShared explorationLock speedFull tech treeHidden civsTurbo modeCheats
Victory
Defeat
🇻🇪 Goths · Venezuela
897
+15
🇺🇸 Huns · United States
809
+19
🇺🇸 Japanese · United States
867
-43
🇺🇸 Franks · United States
867
-43
rolca
1:03 Loom
10:56 Feudal Age
11:52 Horse Collar
14:02 Double-Bit Axe
17:56 Castle Age
16:16 Man-at-Arms
18:07 Stone Mining
19:37 Heavy Plow
21:43 Bow Saw
25:38 Wheelbarrow
guilleaj
6:04 Loom
11:01 Feudal Age
11:31 Double-Bit Axe
12:36 Horse Collar
19:22 Wheelbarrow
22:58 Castle Age
20:22 Man-at-Arms
20:55 Gold Mining
21:00 Stone Mining
22:00 Scale Mail Armor
22:34 Forging
23:08 Fletching
23:32 Long Swordsman
25:06 Squires
25:29 Hand Cart
24:58 Light Cavalry
25:39 Town Watch
26:26 Scale Barding Armor
Phil Leotardo
13:21 Feudal Age
15:33 Double-Bit Axe
15:52 Loom
21:38 Castle Age
26:11 Elite Skirmisher
Bruhedioan
9:03 Loom
14:11 Feudal Age
14:38 Horse Collar
14:50 Double-Bit Axe
16:26 Wheelbarrow
17:31 Man-at-Arms
17:57 Arson
23:21 Bloodlines
23:00 Arson
25:56 Castle Age
25:28 Scale Mail Armor
25:39 Forging
25:35 Scale Barding Armor
Connection lost

Rejoining the realm…

Still unreachable

The connection could not be restored.

Session expired

The server has moved on; the page needs a fresh start.